 Dungeon Crawl Stone Soup version 0.23-a0-139-ga22e90c45f (webtiles) character file.

77 Holzbalken the Cudgeler (level 4, -2/28 HPs)
             Began as a Gargoyle Monk on Aug 31, 2018.
             Slain by a gnoll
             ... wielding a +0 whip
              (4 damage)
             ... on level 2 of the Dungeon.
             The game lasted 00:03:04 (1209 turns).

Holzbalken the Cudgeler (Gargoyle Monk)             Turns: 1209, Time: 00:03:04

Health: -2/28      AC:  5    Str: 16    XL:     4   Next: 34%
Magic:  4/4        EV:  8    Int: 10    God:
Gold:   48         SH: 12    Dex: 12    Spells: 3/3 levels left

rFire    . . .     SeeInvis .   a - +0 mace
rCold    . . .     Gourm    .   f - +0 large shield
rNeg     + + .     Faith    .   b - +0 robe
rPois    ∞         Spirit   .   (no helmet)
rElec    +         Reflect  .   (no cloak)
rCorr    .         Harm     .   (no gloves)
MR       .....                  (no boots)
Stlth    ++........             (no amulet)
HPRegen  0.09/turn              i - ring of positive energy
MPRegen  0.09/turn              (no ring)

@: no status effects
A: negative energy resistance 1, electricity resistance, unbreathing,
petrification resistance, rot immunity, AC +3
a: no special abilities


You were on level 2 of the Dungeon.
You were very hungry.

You visited 1 branch of the dungeon, and saw 2 of its levels.

You collected 48 gold pieces.

Inventory:

Hand Weapons
 a - a +0 mace (weapon)
Armour
 b - a +0 robe (worn)
 f - a +0 large shield (worn)
Jewellery
 i - a ring of positive energy (left hand)
Scrolls
 d - a scroll of magic mapping {unknown}
 e - a scroll of identify {unknown}
 k - a scroll of amnesia {unknown}
Potions
 g - a potion of berserk rage {unknown}
 h - a potion of brilliance {unknown}
 l - a potion of haste {unknown}
Comestibles
 c - 2 rations


   Skills:
 - Level 3.2 Fighting
 + Level 4.1 Maces & Flails
 - Level 2.4 Dodging
 - Level 2.1 Stealth
 + Level 2.8 Shields


You had 3 spell levels left.
You didn't know any spells.
Your spell library was empty.

Dungeon Overview and Level Annotations

Branches:
Dungeon (2/15)

Altars:


Innate Abilities, Weirdness & Mutations

You are resistant to torment.
Your stone body is resilient. (AC +3)
You are immune to poison.
You resist negative energy. (rN+)
You are resistant to electric shocks. (rElec)
You can survive without breathing.
You are immune to petrification.
You are immune to rotting.


Message History

You hit the gnoll but do no damage.
The gnoll is severely wounded.
You block the gnoll's attack.
You hit the gnoll.
You kill the gnoll!
You hit the gnoll.
The gnoll is moderately wounded.
The gnoll barely misses you. You block the gnoll's attack.
You hit the gnoll.
The gnoll is heavily wounded.
You block the gnoll's attack.
You hit the gnoll but do no damage.
The gnoll is heavily wounded.
The gnoll hits you with a whip!
* * * LOW HITPOINT WARNING * * *
The gnoll closely misses you.
You hit the gnoll.
The gnoll is severely wounded.
The gnoll hits you with a whip.
You die...

.......(.......
...<..######..#
....#...#####.##
###.###........##
#.# #######...###
#.# ##....# #.#
##...### #.#
##...%# #.#
#@##..# #g# .#
#l.# # ##.# ..
..# ..# ..# .##


You could see a gnoll and a frilled lizard.

Vanquished Creatures
  4 gnolls
  2 oozes (D:1)
  A dart slug (D:1)
  3 leopard geckos (D:1)
  A giant cockroach (D:1)
  4 goblins (D:1)
  3 hobgoblins (D:1)
  3 kobolds (D:1)
  A ball python (D:1)
  2 bats (D:1)
  3 rats (D:1)
27 creatures vanquished.

Notes
Turn   | Place    | Note
-------+----------+-------------------------------------------
     0 | D:1      | Holzbalken the Gargoyle Monk began the quest for the Orb.
     0 | D:1      | Reached XP level 1. HP: 14/14 MP: 1/1
    40 | D:1      | Reached skill level 1 in Shields
    40 | D:1      | Reached XP level 2. HP: 3/19 MP: 2/2
   411 | D:1      | Reached XP level 3. HP: 8/23 MP: 3/3
  1188 | D:2      | Reached XP level 4. HP: 23/28 MP: 4/4
  1195 | D:2      | Reached skill level 4 in Maces & Flails
  1209 | D:2      | Slain by a gnoll

Vault maps used:
D:1:      grunt_arrival_lava_bath

Skill      XL: |  1  2  3  4 |
---------------+-------------+-----
Shields        | 1 2 |  2.8
Maces & Flails | 4 |  4.1
Fighting       | |  3.2
Dodging        | |  2.4
Stealth        | |  2.1

Action                   |  1- 3 |  4- 6 || total
-------------------------+-------+-------++-------
Melee: Mace              |    91 |    21 ||   112
 Stab: Sleeping          |     1 |       ||     1
Armor: Robe              |    32 |     2 ||    34
Dodge: Dodged            |    36 |     6 ||    42
Block: Large shield      |    71 |    11 ||    82

Table legend:
 A = Non-vault XP
 B = Vault XP
 C = Vault XP percentage of total XP
 D = Non-vault monster count
 E = Vault monster count
 F = Vault count percentage of total count
                 A         B        C        D         E       F
            +---------+---------+-------+---------+---------+-------
      Total |     111 |       0 |   0.0 |      27 |       0 |   0.0
            +---------+---------+-------+---------+---------+-------
        D:1 |      67 |       0 |   0.0 |      24 |       0 |   0.0
        D:2 |      44 |       0 |   0.0 |       3 |       0 |   0.0
            +---------+---------+-------+---------+---------+-------
